AoeStats
← dohteM

MegaRandom

509014934Analyzed
2v2 RM · 8d ago on Sep 25, 2026· 42m 1s· 4 players
Game mode
Random Map
Map size
Medium (4 player)
Population
200
Speed
Normal
Resources
Standard
Victory
Conquest
Starting age
Dark Age
Ending age
Imperial Age
RankedLock teamsTeams togetherTeam positionsShared explorationLock speedFull tech treeHidden civsTurbo modeCheats
Victory
Defeat
🇹🇼 Byzantines · Taiwan
912
+15
🇬🇧 Celts · United Kingdom
901
+15
🇺🇸 Franks · United States
909
-45
🇨🇳 Goths · China
870
-14
smilesouthboy
6:50 Loom
13:24 Feudal Age
14:33 Horse Collar
14:40 Double-Bit Axe
17:41 Wheelbarrow
19:23 Gold Mining
19:23 Stone Mining
21:35 Castle Age
20:23 Fletching
20:34 Padded Archer Armor
22:05 Elite Skirmisher
22:50 Thumb Ring
22:43 Bodkin Arrow
23:23 Hand Cart
23:20 Bow Saw
23:53 Leather Archer Armor
25:09 Ballistics
24:29 Treadmill Crane
27:45 Imperial Age
25:54 Gold Shaft Mining
25:25 Pikeman
26:06 Squires
26:08 Scale Mail Armor
26:20 Forging
27:30 Chain Mail Armor
30:20 Chemistry
29:27 Heavy Camel Rider
30:08 Husbandry
30:41 Capped Ram
31:39 Bracer
32:26 Stone Shaft Mining
34:02 Ring Archer Armor
34:49 Two-Man Saw
34:31 Scale Barding Armor
35:02 Iron Casting
33:55 Siege Ram
36:36 Chain Barding Armor
37:12 Murder Holes
41:01 Bombard Tower
42:38 Greek Fire
xlxl
8:21 Loom
10:10 Feudal Age
10:51 Gold Mining
10:48 Double-Bit Axe
12:35 Fletching
17:39 Castle Age
19:28 Bodkin Arrow
19:29 Stone Mining
21:24 Forging
21:19 Scale Barding Armor
23:38 Scale Barding Armor
27:01 Light Cavalry
27:44 Husbandry
29:33 Chain Barding Armor
30:01 Town Watch
34:32 Town Patrol
35:09 Wheelbarrow
37:14 Imperial Age
37:30 Iron Casting
38:44 Town Patrol
40:29 Spies/Treason
dohteM
1:58 Loom
11:06 Feudal Age
12:25 Wheelbarrow
11:38 Town Watch
15:02 Castle Age
13:45 Stone Mining
13:46 Gold Mining
13:58 Gold Mining
14:08 Fletching
15:34 Double-Bit Axe
17:09 Scale Mail Armor
18:49 Bodkin Arrow
25:08 Imperial Age
27:08 Scale Barding Armor
27:15 Forging
28:17 Chain Barding Armor
29:19 Hand Cart
30:05 Scale Mail Armor
31:57 Cavalier
33:34 Murder Holes
33:54 Masonry
33:28 Treadmill Crane
1024935437
1:06 Loom
8:21 Feudal Age
9:08 Man-at-Arms
14:48 Forging
14:38 Scale Mail Armor
18:10 Horse Collar
26:06 Castle Age
26:47 Long Swordsman
26:49 Pikeman
28:20 Long Swordsman
28:21 Pikeman
29:02 Squires
31:31 Iron Casting
31:12 Chain Mail Armor
Connection lost

Rejoining the realm…

Still unreachable

The connection could not be restored.

Session expired

The server has moved on; the page needs a fresh start.